cohdb
Replays
Latest Replays
All Replays
Popular Replays
Top Player Replays
Match Explorer
How It Works
Community
CoH3 Stats
Reddit
Sign in to upload your games and track your stats! →
Sign in with Steam
Match 41224924
Unlisted
Match 41224924
Overview
Messages
Build Orders
End
Kettenkrad Recon Vehicle
Construct Infanterie Kompanie
Selects Terror Battlegroup
Selects Machine Gun Camouflage
MG 42 Machine Gun Team
MG 42 Machine Gun Team
Construct Panzergrenadier Kompanie
Selects Contempt for the Weak
Panzergrenadier Squad
251 Medium Carrier
Panzergrenadier Squad
Panzergrenadier Squad
Pak 40 Anti-tank Gun Team
Medical Station
Selects No Quarter
Construct Panzer Kompanie
Panzergrenadier Squad
Panzergrenadier Squad
Selects Propaganda Leaflet Drop
Propaganda Leaflet Drop
Disarmed
Unsafe
moth
Inutil tanque tiger
0
0
Comments
sign in to comment!
No comments posted yet!